[ AOE2 MATCH · #508003888 ]
UnrankedBengalis vs Teutons
Player's team · LOSS
Rival team · WIN
[ REPLAY ANALYSIS · EXTRACTED FROM THE RECORDED GAME ]
Feudal
10:36
Castle
16:28
Imperial
32:27
| APM avg | 59.9 |
| APM peak | 103 |
| eAPM avg | 36.3 |
| Villagers / military | 165 / 98 |
Focus
⚔️ 21.0% · 🌾 79.0%
Elephant Archer ×62 · Armored Elephant ×23 · Monk ×6 · Mangonel ×5 · Trebuchet (Packed) ×2
Feudal
8:50
Castle
22:22
Imperial
31:36
| APM avg | 35.0 |
| APM peak | 85 |
| eAPM avg | 24.3 |
| Villagers / military | 135 / 80 |
Focus
⚔️ 32.1% · 🌾 67.9%
Knight ×44 · Teutonic Knight ×15 · Trebuchet (Packed) ×9 · Mangonel ×5 · Bombard Cannon ×4 · Skirmisher ×2
Match map
Initial resources + every placement click. Lines = walls · curves = elevation contours. ◆ gold · ⬟ stone · ● berries · ✦ relic · ◌ wall gap
Your base· ✓ Closed at 16:28 · 22t walls · 2 gate(s)
TheHornyGuy's base· ✓ Closed at 22:22 · 0t walls · 2 gate(s)
Smoothed initial terrain · ◌ = detected wall gap · hover for details
Inputs per minute
— Butti - - TheHornyGuy
Build order — Butti
First 150 of 542 actions detected
| 0:01 | Queue | Villager (Male) ×4 |
| 0:02 | Build | House |
| 0:04 | Build | House |
| 1:30 | Queue | Villager (Male) |
| 1:45 | Build | Lumber Camp |
| 1:50 | Build | Lumber Camp |
| 1:56 | Queue | Villager (Male) |
| 2:11 | Queue | Villager (Male) |
| 2:40 | Queue | Villager (Male) |
| 3:07 | Queue | Villager (Male) |
| 3:25 | Queue | Villager (Male) |
| 3:36 | Build | House |
| 3:37 | Build | House |
| 4:16 | Queue | Villager (Male) |
| 4:30 | Queue | Villager (Male) |
| 4:32 | Build | Mill |
| 4:44 | Queue | Villager (Male) |
| 5:16 | Queue | Villager (Male) |
| 5:51 | Queue | Villager (Male) |
| 6:00 | Queue | Villager (Male) |
| 6:26 | Queue | Villager (Male) |
| 6:45 | Build | Mining Camp |
| 6:48 | Build | Mining Camp |
| 6:53 | Queue | Villager (Male) |
| 7:23 | Queue | Villager (Male) |
| 7:41 | Queue | Villager (Male) |
| 7:55 | Build | House |
| 8:01 | Research | Loom |
| 8:02 | Research | Feudal Age |
| 8:31 | Build | Barracks |
| 9:02 | Build | Palisade Wall |
| 9:21 | Build | Palisade Wall |
| 9:25 | Build | House |
| 9:27 | Build | House |
| 9:30 | Build | House |
| 9:42 | Queue | Villager (Male) |
| 9:43 | Queue | Villager (Male) |
| 10:36 | Age | Feudal Age |
| 10:40 | Build | Stone Wall |
| 10:51 | Build | Blacksmith |
| 10:52 | Build | Stone Wall |
| 11:05 | Build | Archery Range |
| 11:30 | Build | Stone Wall |
| 11:36 | Build | Stone Wall |
| 11:37 | Build | Stone Wall |
| 11:47 | Build | Stone Wall |
| 11:48 | Build | Stone Wall |
| 11:50 | Queue | Villager (Male) |
| 12:12 | Build | Stone Wall |
| 12:12 | Build | Stone Wall |
| 12:14 | Build | Stone Wall |
| 12:14 | Build | Stone Wall |
| 12:15 | Build | Stone Wall |
| 12:15 | Build | Stone Wall |
| 12:19 | Queue | Villager (Male) |
| 12:24 | Build | Farm |
| 12:26 | Build | Farm |
| 12:42 | Queue | Villager (Male) |
| 12:51 | Build | Market |
| 13:19 | Build | Farm |
| 13:48 | Research | Castle Age |
| 13:53 | Build | Farm |
| 14:21 | Build | Farm |
| 14:23 | Research | Fletching |
| 14:28 | Research | Double-Bit Axe |
| 14:32 | Build | Farm |
| 14:35 | Build | Farm |
| 14:38 | Build | Farm |
| 14:46 | Research | Fletching |
| 15:01 | Build | Farm |
| 15:06 | Build | Farm |
| 15:21 | Research | Padded Archer Armor |
| 15:42 | Research | Horse Collar |
| 16:03 | Queue | Villager (Male) |
| 16:28 | Age | Castle Age |
| 16:38 | Build | Stone Wall |
| 16:39 | Queue | Elephant Archer |
| 16:42 | Build | Siege Workshop |
| 17:10 | Queue | Villager (Male) |
| 17:11 | Queue | Villager (Male) |
| 17:20 | Queue | Elephant Archer |
| 17:32 | Queue | Mangonel |
| 17:43 | Queue | Elephant Archer |
| 17:56 | Queue | Villager (Male) |
| 18:09 | Build | Farm |
| 18:11 | Build | Farm |
| 18:17 | Queue | Villager (Male) |
| 18:21 | Queue | Mangonel |
| 18:46 | Queue | Villager (Male) |
| 18:59 | Build | Town Center |
| 19:03 | Queue | Villager (Male) |
| 19:32 | Build | House |
| 19:32 | Build | House |
| 19:33 | Build | House |
| 19:33 | Build | House |
| 19:38 | Queue | Villager (Male) |
| 19:50 | Queue | Mangonel |
| 19:51 | Queue | Villager (Male) |
| 20:08 | Build | House |
| 20:08 | Build | House |
| 20:11 | Queue | Villager (Male) |
| 20:21 | Queue | Villager (Male) |
| 20:23 | Queue | Elephant Archer |
| 21:08 | Queue | Mangonel |
| 21:09 | Queue | Villager (Male) |
| 21:10 | Queue | Villager (Male) |
| 21:36 | Queue | Villager (Male) |
| 21:38 | Queue | Villager (Male) |
| 21:41 | Queue | Villager (Male) |
| 21:42 | Queue | Villager (Male) |
| 21:51 | Build | Mill |
| 21:51 | Build | Farm |
| 21:53 | Build | Farm |
| 22:01 | Queue | Elephant Archer |
| 22:15 | Queue | Armored Elephant |
| 22:24 | Build | Farm |
| 22:24 | Build | Farm |
| 22:25 | Build | Farm |
| 22:38 | Queue | Villager (Male) |
| 22:39 | Queue | Villager (Male) |
| 22:41 | Build | Farm |
| 22:42 | Queue | Villager (Male) |
| 22:45 | Build | Farm |
| 22:46 | Queue | Villager (Male) |
| 23:09 | Queue | Villager (Male) |
| 23:12 | Queue | Villager (Male) |
| 23:31 | Queue | Villager (Male) |
| 23:33 | Queue | Mangonel |
| 23:34 | Build | Farm |
| 23:35 | Build | Farm |
| 23:52 | Queue | Villager (Male) |
| 23:55 | Queue | Armored Elephant |
| 23:58 | Build | Farm |
| 24:12 | Queue | Villager (Male) |
| 24:19 | Queue | Villager (Male) |
| 24:27 | Queue | Villager (Male) |
| 24:31 | Build | Mining Camp |
| 24:39 | Queue | Villager (Male) |
| 24:44 | Build | Farm |
| 24:44 | Build | Farm |
| 24:44 | Build | Farm |
| 24:44 | Build | Farm |
| 24:44 | Build | Farm |
| 24:45 | Build | Farm |
| 24:46 | Build | Farm |
| 24:48 | Queue | Villager (Male) |
| 24:49 | Queue | Villager (Male) |
| 24:58 | Build | House |
| 24:59 | Build | House |
| 24:59 | Build | House |
Build order — TheHornyGuy
First 150 of 367 actions detected
| 0:00 | Queue | Villager (Male) |
| 0:00 | Queue | Villager (Male) |
| 0:01 | Queue | Villager (Male) |
| 0:01 | Queue | Villager (Male) |
| 0:02 | Build | House |
| 0:04 | Build | House |
| 1:26 | Queue | Villager (Male) |
| 1:48 | Build | Lumber Camp |
| 1:49 | Queue | Villager (Male) |
| 2:11 | Queue | Villager (Male) |
| 2:41 | Build | House |
| 2:55 | Queue | Villager (Male) |
| 3:08 | Queue | Villager (Male) |
| 3:22 | Queue | Villager (Male) |
| 3:51 | Queue | Villager (Male) |
| 3:51 | Queue | Villager (Male) |
| 4:39 | Build | Mill |
| 4:46 | Queue | Villager (Male) |
| 4:49 | Queue | Villager (Male) |
| 4:51 | Queue | Villager (Male) |
| 4:52 | Research | Loom |
| 6:33 | Research | Feudal Age |
| 6:41 | Build | Mining Camp |
| 7:07 | Queue | Villager (Male) |
| 7:35 | Build | House |
| 7:57 | Build | House |
| 8:15 | Queue | Villager (Male) |
| 8:50 | Age | Feudal Age |
| 8:52 | Build | Watch Tower |
| 8:53 | Queue | Villager (Male) |
| 9:27 | Queue | Villager (Male) |
| 9:35 | Build | Watch Tower |
| 9:47 | Queue | Villager (Male) |
| 9:54 | Queue | Villager (Male) |
| 10:22 | Build | Watch Tower |
| 10:57 | Build | Blacksmith |
| 11:23 | Queue | Villager (Male) |
| 11:24 | Queue | Villager (Male) |
| 11:47 | Queue | Villager (Male) |
| 12:04 | Build | Watch Tower |
| 12:09 | Queue | Villager (Male) |
| 12:29 | Queue | Villager (Male) |
| 13:08 | Queue | Villager (Male) |
| 13:09 | Queue | Villager (Male) |
| 13:26 | Build | Blacksmith |
| 13:34 | Build | House |
| 13:46 | Build | Mill |
| 14:15 | Queue | Villager (Male) |
| 14:22 | Build | House |
| 14:50 | Queue | Villager (Male) |
| 14:57 | Build | Mining Camp |
| 15:13 | Research | Fletching |
| 15:13 | Research | Fletching |
| 15:20 | Queue | Villager (Male) |
| 16:11 | Queue | Villager (Male) |
| 16:11 | Queue | Villager (Male) |
| 16:15 | Build | Market |
| 16:20 | Build | Farm |
| 16:21 | Build | Farm |
| 16:58 | Queue | Villager (Male) |
| 17:14 | Queue | Villager (Male) |
| 17:14 | Queue | Villager (Male) |
| 17:34 | Build | Farm |
| 17:36 | Build | Farm |
| 17:54 | Build | Farm |
| 18:01 | Build | Farm |
| 18:08 | Queue | Villager (Male) |
| 18:16 | Build | House |
| 18:30 | Queue | Villager (Male) |
| 19:07 | Build | Farm |
| 19:30 | Build | Farm |
| 19:31 | Build | Farm |
| 19:31 | Build | Farm |
| 19:42 | Research | Castle Age |
| 19:58 | Build | Farm |
| 20:01 | Build | Farm |
| 21:32 | Queue | Villager (Male) |
| 21:52 | Queue | Villager (Male) |
| 22:22 | Age | Castle Age |
| 22:23 | Build | University |
| 22:37 | Research | Bodkin Arrow |
| 22:47 | Build | Castle |
| 23:04 | Research | Guard Tower (upgrade) |
| 23:05 | Research | Guard Tower (upgrade) |
| 23:21 | Queue | Villager (Male) |
| 23:21 | Queue | Villager (Male) |
| 23:22 | Queue | Villager (Male) |
| 23:55 | Queue | Villager (Male) |
| 23:55 | Queue | Villager (Male) |
| 24:31 | Queue | Villager (Male) |
| 24:32 | Queue | Villager (Male) |
| 24:39 | Build | Watch Tower |
| 24:57 | Build | House |
| 25:11 | Build | Castle |
| 25:15 | Build | Gate |
| 25:22 | Build | Stone Wall |
| 25:38 | Queue | Villager (Male) |
| 25:45 | Build | Mining Camp |
| 25:49 | Build | Farm |
| 25:49 | Build | Farm |
| 25:49 | Build | Farm |
| 26:10 | Build | Stone Wall |
| 26:11 | Build | Stone Wall |
| 26:15 | Build | Stone Wall |
| 26:30 | Build | Siege Workshop |
| 26:51 | Build | Stone Wall |
| 26:53 | Build | Stone Wall |
| 26:58 | Queue | Villager (Male) |
| 27:02 | Build | Farm |
| 27:04 | Build | Farm |
| 27:07 | Build | Farm |
| 27:07 | Build | Farm |
| 27:07 | Build | Farm |
| 27:11 | Build | Farm |
| 27:29 | Build | Mining Camp |
| 27:39 | Research | Double-Bit Axe |
| 28:04 | Build | Farm |
| 28:26 | Research | Imperial Age |
| 28:59 | Research | Double-Bit Axe |
| 29:04 | Queue | Mangonel |
| 29:14 | Queue | Villager (Male) |
| 29:19 | Research | Town Watch |
| 30:03 | Queue | Teutonic Knight |
| 30:12 | Queue | Mangonel |
| 30:45 | Queue | Teutonic Knight |
| 30:46 | Queue | Teutonic Knight |
| 31:20 | Build | Castle |
| 31:36 | Age | Imperial Age |
| 31:36 | Queue | Trebuchet (Packed) |
| 31:47 | Queue | Villager (Male) |
| 31:52 | Research | Bow Saw |
| 31:53 | Research | Bow Saw |
| 31:58 | Research | Gold Mining |
| 32:07 | Research | Horse Collar |
| 32:17 | Queue | Villager (Male) |
| 32:51 | Queue | Trebuchet (Packed) |
| 33:57 | Queue | Villager (Male) |
| 33:57 | Queue | Villager (Male) |
| 33:57 | Queue | Villager (Male) |
| 33:57 | Queue | Villager (Male) |
| 33:58 | Queue | Villager (Male) |
| 34:17 | Research | Chemistry |
| 34:19 | Queue | Trebuchet (Packed) |
| 34:33 | Queue | Trebuchet (Packed) |
| 34:33 | Queue | Trebuchet (Packed) |
| 34:49 | Queue | Villager (Male) |
| 34:49 | Queue | Villager (Male) |
| 35:04 | Queue | Villager (Male) |
| 35:19 | Queue | Villager (Male) |
| 35:59 | Queue | Villager (Male) |
Match timeline
| 8:31 | Butti · first_building Barracks |
| 8:50 | TheHornyGuy · age_up feudal |
| 9:02 | Butti · wall_segment Palisade Wall x1 |
| 9:21 | Butti · wall_segment Palisade Wall x4 |
| 10:36 | Butti · age_up feudal |
| 10:40 | Butti · wall_segment Stone Wall x5 |
| 10:52 | Butti · wall_segment Stone Wall x1 |
| 11:05 | Butti · first_building Archery Range |
| 11:30 | Butti · wall_segment Stone Wall x1 |
| 11:36 | Butti · wall_segment Stone Wall x1 |
| 11:37 | Butti · wall_segment Stone Wall x1 |
| 11:47 | Butti · wall_segment Stone Wall x1 |
| 11:48 | Butti · wall_segment Stone Wall x1 |
| 12:12 | Butti · wall_segment Stone Wall x1 |
| 12:12 | Butti · wall_segment Stone Wall x1 |
| 12:14 | Butti · wall_segment Stone Wall x1 |
| 12:14 | Butti · wall_segment Stone Wall x1 |
| 12:15 | Butti · wall_segment Stone Wall x1 |
| 12:15 | Butti · wall_segment Stone Wall x1 |
| 13:28 | Butti · first_market_buy 100 food |
| 16:28 | Butti · age_up castle |
| 16:38 | Butti · wall_segment Stone Wall x1 |
| 16:42 | Butti · first_building Siege Workshop |
| 17:32 | Butti · first_market_sell 100 food |
| 18:58 | TheHornyGuy · first_market_buy 100 food |
| 19:36 | TheHornyGuy · first_market_sell 100 stone |
| 22:22 | TheHornyGuy · age_up castle |
| 22:47 | TheHornyGuy · first_building Castle |
| 25:17 | Butti · first_building Monastery |
| 25:22 | TheHornyGuy · wall_segment Stone Wall x1 |
| 26:10 | TheHornyGuy · wall_segment Stone Wall x1 |
| 26:11 | TheHornyGuy · wall_segment Stone Wall x1 |
| 26:15 | TheHornyGuy · wall_segment Stone Wall x1 |
| 26:30 | TheHornyGuy · first_building Siege Workshop |
| 26:51 | TheHornyGuy · wall_segment Stone Wall x1 |
| 26:53 | TheHornyGuy · wall_segment Stone Wall x1 |
| 29:58 | Butti · first_building Castle |
| 30:37 | Butti · wall_segment Stone Wall x1 |
| 31:19 | Butti · wall_segment Stone Wall x1 |
| 31:36 | TheHornyGuy · age_up imperial |
| 31:59 | Butti · first_building Stable |
| 32:27 | Butti · age_up imperial |
| 42:40 | TheHornyGuy · first_building Barracks |
| 43:53 | TheHornyGuy · first_building Archery Range |
| 45:21 | TheHornyGuy · first_building Stable |
| 46:35 | Butti · wall_segment Stone Wall x1 |
| 56:21 | Butti · resign |
[ AI ANALYSIS · 1 CREDIT ]
What really happened in this match?
Wolo.gg analyzes every decision: build order, eco, micro, common mistakes by bracket. Personalized analysis on WhatsApp or Discord in 30 seconds.
Civ guide
Bengalis
Perfil
Jugador #722216